 Dungeon Crawl Stone Soup version 0.31-a0-702-gf82c85558f (webtiles) character file.

Game seed: 2480424823919358128

396 qw the Shooter (level 6, 0/38 HPs)
             Began as a Gargoyle Hunter on Sept 8, 2023.
             Slain by a gnoll
             ... wielding a +0 spear
              (2 damage)
             ... on level 3 of the Dungeon.
             The game lasted 00:00:49 (1835 turns).

qw the Shooter (Gargoyle Hunter)                    Turns: 1835, Time: 00:00:49

Health: 0/38       AC:  9    Str: 15    XL:     6   Next: 82%
Magic:  6/6        EV: 11    Int:  9    God:
Gold:   143        SH:  0    Dex: 15    Spells: 5/5 levels left

rFire   . . .        Y - +0 shortbow
rCold   . . .        (shield currently unavailable)
rNeg    + . .        d - +0 ring mail
rPois   inf          (no helmet)
rElec   +            (no cloak)
rCorr   .            (no gloves)
SInv    .            (no boots)
Will    .....        (no amulet)
Stlth   +            (no ring)
HPRegen 0.26/turn    (no ring)
MPRegen 0.10/turn

%: no passive effects
@: about to teleport
A: sickness immunity, AC +4, negative energy resistance 1, electricity
resistance, torment resistance 1, petrification resistance
a: no special abilities


You were on level 3 of the Dungeon.
You visited 1 branch of the dungeon, and saw 3 of its levels.

You collected 143 gold pieces.


Innate Abilities, Weirdness & Mutations

You are immune to sickness and miasma.
Your stone body is resilient. (AC +4)
You are immune to poison.
You resist negative energy. (rN+)
You are resistant to electric shocks. (rElec)
You are resistant to unholy torment.
You are immune to petrification.


   Skills:
 + Level 3.8 Fighting
 - Level 7.1 Ranged Weapons
 - Level 1.4 Armour
 - Level 1.5 Dodging
 - Level 1.1 Stealth


You had 5 spell levels left.
You didn't know any spells.
Your spell library was empty.

Inventory:

Hand Weapons
 Y - a +0 shortbow (weapon)
Armour
 d - a +0 ring mail (worn)
Scrolls
 a - a scroll of identify
 f - a scroll of teleportation
Potions
 b - a potion of berserk rage {unknown}
 c - a potion of degeneration {unknown}
 e - a potion of heal wounds {unknown}
 i - a potion of curing {unknown}

Dungeon Overview and Level Annotations

Branches:
Dungeon (3/15)

Altars:


Message History

The gnoll barely misses you.
You shoot an arrow. The arrow hits the gnoll.
The gnoll is moderately wounded.
The gnoll hits you from afar with a +0 spear.
You shoot an arrow. The arrow hits the gnoll.
The gnoll is moderately wounded.
The gnoll hits you but does no damage. x2
You shoot an arrow. The arrow barely misses the gnoll.
The gnoll hits you from afar with a +0 spear.
A kobold comes into view. It is wielding a +0 club.
You shoot an arrow. The arrow barely misses the gnoll.
The gnoll closely misses you.
You shoot an arrow.
The arrow hits the gnoll but does no damage.
The gnoll is moderately wounded.
The gnoll hits you but does no damage.
You shoot an arrow. The arrow hits the gnoll.
The gnoll is heavily wounded.
The gnoll barely misses you.
You shoot an arrow. The arrow closely misses the gnoll.
The gnoll hits you from afar with a +0 spear.
The gnoll closely misses you. The kobold barely misses you.
You shoot an arrow.
The arrow hits the kobold but does no damage.
The kobold closely misses you.
The gnoll hits you from afar with a +0 spear.
You shoot an arrow. The arrow closely misses the kobold.
The gnoll hits you from afar with a +0 spear.
The kobold hits you but does no damage.
1833 ||| READING 2 scrolls of teleportation.
As you read the scroll of teleportation, it crumbles to dust.
You feel strangely unstable.
The gnoll hits you from afar with a +0 spear!
The kobold hits you but does no damage.
You shoot an arrow. The arrow hits the kobold.
You kill the kobold!
The gnoll barely misses you.
You shoot an arrow. The arrow barely misses the gnoll.
The gnoll hits you from afar with a +0 spear.
You die...

#..###...# ##..
#.## ##### ## #.#
#.# #.# #.# #####
#.# ##...###.. #.#
##.)#.....#
#.####.@###...##
####.#....).#..#..#
#........##)g.## .
#........###.##
#.............#
##########..#..#
.###... .#..#. ...


You could see a gnoll.

Vanquished Creatures
  Grinder (D:3)
  Natasha (D:3)
  An orc wizard (D:2)
  4 gnolls
  5 adders
  3 orcs (D:2)
  7 bats
  4 endoplasms (D:1)
  3 giant cockroaches
  7 goblins
  2 hobgoblins
  5 jackals
  4 kobolds
  2 quokkas (D:1)
  2 ball pythons (D:1)
  5 frilled lizards
  3 rats (D:1)
59 creatures vanquished.

Notes
Turn   | Place    | Note
-------+----------+-------------------------------------------
     0 | D:1      | qw the Gargoyle Hunter began the quest for the Orb.
     0 | D:1      | Reached XP level 1. HP: 12/12 MP: 1/1
     0 | D:1      | 0 ||| qw: Version: 0.3-a-76-g4403597
     0 | D:1      | 0 ||| qw: Game counter: 1117
     0 | D:1      | 0 ||| qw: Melee chars always use a shield: true
     0 | D:1      | 0 ||| qw: God list: Okawaru
     0 | D:1      | 0 ||| qw: Allow faded altars: false
     0 | D:1      | 0 ||| qw: Do Orc after clearing Dungeon:15 true
     0 | D:1      | 0 ||| qw: Do second Lair branch before Depths: true
     0 | D:1      | 0 ||| qw: Lair rune preference: random
     0 | D:1      | 0 ||| qw: Goals: Normal
     0 | D:1      | 0 ||| PLANNING D:1-11
   157 | D:1      | Reached XP level 2. HP: 17/17 MP: 2/2
   353 | D:1      | 353 ||| UPGRADING to +0 ring mail.
   372 | D:1      | 372 ||| DROPPING +0 leather armour.
   389 | D:1      | Reached skill level 1 in Armour
   389 | D:1      | Reached XP level 3. HP: 16/21 MP: 3/3
   805 | D:1      | Found a faded altar of an unknown god.
   921 | D:1      | 921 ||| READING scroll labelled KIZINI ENYPH.
   936 | D:1      | 936 ||| READING 2 scrolls labelled JOTEDA ZISAURE.
   941 | D:1      | 941 ||| READING scroll labelled AZXICVIGHURE.
   942 | D:1      | 942 ||| READING scroll labelled GISUDI ENATH.
   943 | D:1      | 943 ||| DROPPING scroll of butterflies.
   978 | D:2      | Reached skill level 5 in Ranged Weapons
  1017 | D:2      | 1017 ||| Stepping ~*~*~tactically~*~*~ (water).
  1028 | D:2      | Reached XP level 4. HP: 27/27 MP: 4/4
  1144 | D:2      | Reached skill level 3 in Fighting
  1230 | D:2      | Reached XP level 5. HP: 18/32 MP: 5/5
  1457 | D:2      | 1457 ||| READING scroll labelled FENGE LUTZOCROOQ.
  1558 | D:2      | 1558 ||| READING scroll labelled HUTTAI GEADYW.
  1703 | D:3      | Noticed Grinder
  1714 | D:3      | Paralysed by Grinder for 2 turns
  1723 | D:3      | Killed Grinder
  1724 | D:3      | Reached skill level 7 in Ranged Weapons
  1724 | D:3      | Reached XP level 6. HP: 37/37 MP: 6/6
  1780 | D:3      | Noticed Natasha
  1788 | D:3      | Killed Natasha
  1810 | D:3      | 1810 ||| Stepping ~*~*~tactically~*~*~ (outnumbered).
  1832 | D:3      | HP: 9/38 [gnoll/+0 spear (5)]
  1833 | D:3      | 1833 ||| READING 2 scrolls of teleportation.
  1833 | D:3      | HP: 2/38 [gnoll/+0 spear (7)]
  1835 | D:3      | Slain by a gnoll

Levels and vault maps discovered:
D:1:      dpeg_arrival_water_temple_mockup, layout_basic,
          hellmonk_ecumenical_altar_blasted, chequers_serial_rivers_large_b,
          nicolae_concentric_dashed_squares_wild
D:2:      layout_rooms, serial_bayou_crossing
D:3:      layout_rooms, reono_crystal_passage, minmay_strange_pillars,
          uniq_grinder, uniq_natasha

Skill      XL: |  1  2  3  4  5 |
---------------+----------------+-----
Armour         | 1 |  1.4
Ranged Weapons | 5 7 |  7.1
Fighting       | 3 |  3.8
Dodging        | |  1.5
Stealth        | |  1.1

Action                     |  1- 3 |  4- 6 || total
---------------------------+-------+-------++-------
   Fire: Shortbow          |    84 |   135 ||   219
    Use: Scroll            |     4 |     3 ||     7
 Armour: Leather armour    |     7 |       ||     7
         Ring mail         |    20 |    65 ||    85
         Skin              |     2 |       ||     2
  Dodge: Dodged            |    29 |    58 ||    87

Table legend:
 A = Non-vault XP
 B = Vault XP
 C = Vault XP percentage of total XP
 D = Non-vault monster count
 E = Vault monster count
 F = Vault count percentage of total count
                 A         B        C        D         E       F
            +---------+---------+-------+---------+---------+-------
      Total |     244 |     322 |  56.9 |      57 |       2 |   3.4
            +---------+---------+-------+---------+---------+-------
        D:1 |      60 |       0 |   0.0 |      27 |       0 |   0.0
        D:2 |     116 |       0 |   0.0 |      19 |       0 |   0.0
        D:3 |      68 |     322 |  82.6 |      11 |       2 |  15.4
            +---------+---------+-------+---------+---------+-------
